 Dungeon Crawl Stone Soup version 0.28.0-53-g5a82cb258f (webtiles) character file.

Game seed: 2783161417812398481

197 styxcanada the Covert (level 5, -3/28 HPs)
             Began as a Spriggan Brigand on June 10, 2022.
             Killed by divine providence
             ... invoked by an orc priest
              (15 damage)
             ... on level 3 of the Dungeon.
             The game lasted 00:09:27 (3695 turns).

styxcanada the Covert (Spriggan Brigand)            Turns: 3695, Time: 00:09:27

Health: -3/28      AC:  3    Str:  7    XL:     5   Next: 46%
Magic:  6/6        EV: 17    Int: 13    God:
Gold:   91         SH:  0    Dex: 18    Spells: 4/4 levels left

rFire   + . .      SeeInvis +   a - +2 dagger
rCold   . . .      Faith    .   (no shield)
rNeg    . . .      Spirit   .   b - +0 robe
rPois   .          Reflect  .   (helmet restricted)
rElec   .          Harm     .   c - +0 cloak
rCorr   .          Rampage  .   (gloves unavailable)
Will    .....                   (boots unavailable)
Stlth   ++++......              (no amulet)
HPRegen 0.09/turn               l - ring of flight
MPRegen 0.10/turn               n - ring of protection from fire

@: flying, unable to read, very quick
A: very small, no large weapons, unfitting armour, see invisible, speed 3,
robust 1, wild magic 1, inability to read while threatened
a: no special abilities


You were on level 3 of the Dungeon.
You visited 1 branch of the dungeon, and saw 3 of its levels.

You collected 131 gold pieces.
You spent 40 gold pieces at shops.

Inventory:

Hand Weapons
 a - a +2 dagger (weapon)
Missiles
 d - 2 poisoned darts (quivered)
 e - 2 curare-tipped darts
 h - 34 stones
Armour
 b - a +0 robe (worn)
 c - a +0 cloak (worn)
Jewellery
 l - a ring of flight (left hand)
 n - a ring of protection from fire (right hand)
Wands
 q - a wand of iceblast (9)
Scrolls
 f - 2 scrolls of amnesia
 m - a scroll of teleportation
Potions
 g - 2 potions of might
 i - a potion of brilliance
 j - 3 potions of heal wounds
 k - a potion of curing {unknown}
 o - a potion of lignification
 p - a potion of flight {unknown}
 r - a potion of attraction {unknown}


   Skills:
 * Level 2.1 Fighting
 + Level 3.0 Short Blades
 + Level 2.7 Throwing
 * Level 2.7 Dodging
 * Level 8.4 Stealth


You had 4 spell levels left.
You didn't know any spells.
Your spell library was empty.

Dungeon Overview and Level Annotations

Branches:
Dungeon (3/15)

Altars:
Okawaru

Shops:
D:1 ?


Innate Abilities, Weirdness & Mutations

You are very small and have problems with some larger weapons.
You are too small for most types of armour.
You have supernaturally acute eyesight. (SInv)
You cover ground extremely quickly. (Speed+++)
You are robust. (+10% HP)
Your spells are a little harder to cast, but a little more powerful.
You sometimes lose the ability to read scrolls when taking damage.


Message History

The orc priest misses you.
You hit the orc priest.
The orc priest is lightly wounded.
The orc priest hits you with a +0 falchion.
You closely miss the orc priest.
The orc priest is lightly wounded.
The orc hits you but does no damage.
You hit the orc priest.
The orc priest is moderately wounded.
The orc misses you.
The orc priest hits you but does no damage.
The orc hits you with a +0 hand axe.
You feel threatened and lose the ability to read scrolls!
You can read scrolls again.
Throw: 5 darts (poison)
Press: ? - help, Q - select action, (/) - cycle Shift-Dir - straight line, f - orc
Aim: an orc, wielding a +0 short sword and wearing a +0 leather armour (63% to hit)
You throw a poisoned dart. The poisoned dart hits the orc.
The orc is poisoned.
The orc priest invokes the aid of Beogh against you.
Beogh smites you!
You feel threatened and lose the ability to read scrolls!
You can read scrolls again.
Throw: 4 darts (poison)
Press: ? - help, Q - select action, (/) - cycle Shift-Dir - straight line, f/p - orc
Aim: an orc, wielding a +0 short sword and wearing a +0 leather armour (poisoned, 63% to hit)
You throw a poisoned dart. The poisoned dart hits the orc.
The orc looks even sicker.
Throw: 3 darts (poison)
Press: ? - help, Q - select action, (/) - cycle Shift-Dir - straight line, f/p - orc
Aim: an orc, wielding a +0 short sword and wearing a +0 leather armour (heavily wounded, very poisoned, 63% to hit)
You throw a poisoned dart.
The poisoned dart barely misses the orc.
The poisoned dart closely misses the orc priest.
The poisoned dart hits the orc.
The orc is poisoned.
The orc priest invokes the aid of Beogh against you.
Beogh smites you!
You feel threatened and lose the ability to read scrolls!
Ouch! That really hurt!
You die...

..#.####.#######
...............#
.#######.#####.#
.......>.# #.#
.#######.# #.#
.###.....# #.#
.........# #.#
.#######.#####.#####
.# #...†..oo.(o.@..#
.# #.##..#####.##.##
...#........#.....#
##.###..#.#....#..#
.# #..#.###.##..# #
#..#.# #.# .# #..#.#
#. .# #..#.# #. .#
#..#


You could see an orc priest and 2 orcs.

Vanquished Creatures
  Natasha (D:2)
  An orc wizard (D:3)
  5 adders
  4 gnolls (D:3)
  2 orcs (D:3)
  10 endoplasms
  3 giant cockroaches
  7 goblins
  3 hobgoblins (D:1)
  2 jackals (D:3)
  2 quokkas
  7 ball pythons
  6 bats
  A frilled lizard (D:1)
  A kobold (D:1)
  6 rats
61 creatures vanquished.

Notes
Turn   | Place    | Note
-------+----------+-------------------------------------------
     0 | D:1      | styxcanada the Spriggan Brigand began the quest for the
                  | Orb.
     0 | D:1      | Reached XP level 1. HP: 10/10 MP: 2/2
    56 | D:1      | Reached skill level 6 in Stealth
   100 | D:1      | Reached XP level 2. HP: 12/14 MP: 3/3
   141 | D:1      | Found a faded altar of an unknown god.
   211 | D:1      | Found Isoap's Magic Scroll Boutique.
  1250 | D:2      | Reached skill level 7 in Stealth
  1299 | D:2      | Reached XP level 3. HP: 18/18 MP: 4/4
  1417 | D:2      | Found an iron altar of Okawaru.
  2399 | D:2      | Reached XP level 4. HP: 19/23 MP: 5/5
  2524 | D:2      | Noticed Natasha
  2526 | D:2      | Killed Natasha
  2876 | D:1      | Bought a scroll of identify for 20 gold pieces
  2876 | D:1      | Bought a scroll of identify for 20 gold pieces
  2976 | D:3      | Gained mutation: Your mind is acute. (Int +2) [potion of
                  | mutation]
  2977 | D:3      | Lost mutation: Your mind is acute. (Int +2) [potion of
                  | mutation]
  2977 | D:3      | Gained mutation: You sometimes lose the ability to read
                  | scrolls when taking damage. [potion of mutation]
  2977 | D:3      | Gained mutation: Your spells are a little harder to cast,
                  | but a little more powerful. [potion of mutation]
  2977 | D:3      | Gained mutation: You are robust. (+10% HP) [potion of
                  | mutation]
  3082 | D:3      | Reached skill level 8 in Stealth
  3082 | D:3      | Reached XP level 5. HP: 23/28 MP: 6/6
  3695 | D:3      | Killed from afar by an orc priest

Illustrated notes

Levels and vault maps discovered:
D:1:      dpeg_arrival_lava_temple_mockup, layout_loops_ring,
          hellmonk_ecumenical_altar_leap_of_faith, serial_shops, shop
D:2:      layout_basic, basic_altar, uniq_natasha
D:3:      layout_basic

Skill      XL: |  1  2  3  4  5 |
---------------+----------------+-----
Stealth        | 6 7 8 |  8.4
Dodging        | 2 |  2.7
Fighting       | 2 |  2.1
Short Blades   | 3 |  3.0
Throwing       | |  2.7

Action                   |  1- 3 |  4- 6 || total
-------------------------+-------+-------++-------
Melee: Dagger            |   104 |    52 ||   156
       Punch             |       |     1 ||     1
Throw: Dart              |    20 |    12 ||    32
  Use: Scroll            |       |     7 ||     7
       Potion            |       |     2 ||     2
 Stab: Sleeping          |    12 |    12 ||    24
Armor: Robe              |     9 |     5 ||    14
Dodge: Dodged            |    57 |    21 ||    78
